 Dungeon Crawl Stone Soup version 0.18.1-50-g88ac8fd (webtiles) character file.

525 Gianozzolo the Changer (level 7, -2/52 HPs)
             Began as a Yellow Draconian Transmuter on Dec 1, 2017.
             Slain by an ice beast (13 damage)
             ... on level 5 of the Dungeon.
             The game lasted 00:08:31 (4168 turns).

Gianozzolo the Changer (DrTm)                       Turns: 4168, Time: 00:08:32

Health: -2/52      AC:  6    Str: 12    XL:     7   Next: 2%
Magic:  10/10      EV: 12    Int: 15    God:
Gold:   194        SH:  0    Dex: 12    Spells: 1 memorised, 7 levels left

rFire  . . .     SeeInvis .       - Unarmed
rCold  . . .     Gourm    .     (armour unavailable)
rNeg   . . .     Faith    .     (no shield)
rPois  .         Spirit   .     (helmet restricted)
rElec  .         Dismiss  .     (no cloak)
rCorr  +         Reflect  .     (no gloves)
SustAt .         Harm     .     (no boots)
MR     .....                    (no amulet)
Stlth  +.........               (no ring)
                                (no ring)

@: slowed, very slow, not resistant to hostile enchantments, very unstealthy
A: spit acid, acid resistance, unfitting armour, cold-blooded, AC +6
a: Spit Acid


You were on level 5 of the Dungeon.
You were hungry.

You visited 2 branches of the dungeon, and saw 6 of its levels.

You collected 194 gold pieces.

Inventory:

Wands
 r - a wand of disintegration (13/24)
Scrolls
 l - a scroll of enchant armour
 p - a scroll of magic mapping {unknown}
 q - a scroll of recharging {unknown}
 s - a scroll of teleportation
Potions
 a - 2 potions of brilliance
 d - a potion of beneficial mutation {unknown}
 e - a potion of cure mutation {unknown}
 f - 3 potions of curing
 h - 2 potions of flight {unknown}
 j - a potion of agility {unknown}
 k - a potion of berserk rage {unknown}
 o - a potion of lignification {unknown}
 t - a potion of resistance {unknown}
Books
 b - a book of Changes

   Spells                             Type                      Level
   a - Beastly Appendage              Transmutation                1
   b - Sticks to Snakes               Transmutation                2
   c - Spider Form                    Transmutation/Poison         3
   d - Ice Form                       Ice/Transmutation            4
   e - Blade Hands                    Transmutation                5
Comestibles
 c - 3 bread rations
 g - 4 chunks of flesh
 i - 2 beef jerkies
 m - 2 meat rations
 n - 3 fruits


   Skills:
 - Level 1.1 Fighting
 - Level 1.7 Dodging
 + Level 5.1 Unarmed Combat
 - Level 2.0 Spellcasting
 * Level 6.2 Transmutations
 - Level 1.0 Poison Magic


You had 7 spell levels left.
You knew the following spells:

 Your Spells              Type           Power        Failure   Level  Hunger
b - Spider Form           Trmt/Pois      ##........   17%         3    ###....


Dungeon Overview and Level Annotations

Branches:
Dungeon (5/15)             Temple (1/1) D:4

Altars:
Ashenzari
Cheibriados
Dithmenos
Elyvilon
Fedhas
Gozag
Kikubaaqudgha
Nemelex Xobeh
Okawaru
Pakellas
Qazlal
Ru
Sif Muna
Trog
Vehumet
Xom
Yredelemnul
The Shining One

Annotations:
D:5 Prince Ribbit


Innate Abilities, Weirdness & Mutations

You can spit globs of acid.
You are resistant to acid.
Your golden yellow scales are hard (AC +6).
Your body does not fit into most forms of armour.
You are cold-blooded and may be slowed by cold attacks.


Message History

The ice beast hits you but does no damage.
You hit the ice beast. You tail-slap the ice beast.
The ice beast is heavily wounded.
You have got your breath back.
The ice beast hits you but does no damage.
You punch the ice beast!
The ice beast is almost dead.
The ice beast hits you. The ice beast freezes you!
* * * LOW HITPOINT WARNING * * *
You hit the ice beast.
The ice beast is almost dead.
The ice beast misses you.
You barely miss the ice beast.
The ice beast is almost dead.
You closely miss the ice beast.
The ice beast is almost dead.
The ice beast hits you.
* * * LOW HITPOINT WARNING * * *
The ice beast freezes you!
You feel yourself slow down.
You die...

.. ### ...
#.# ....
#.# .....
#.##......
#........>
#.#.#.#...
#Y#...
#@####..
#.# ...
#.# .. #.#
#####. #.#
#...#
#.###...#
#.......+
####....#
#....#


You could see an ice beast.

Vanquished Creatures
  A sky beast (D:4)
  A centaur (D:4)
  2 vampire bats (D:4)
  An orc priest (D:4)
  An iguana (D:5)
  An orc wizard (D:4)
  9 adders
  4 worms
  2 dart slugs (D:2)
  4 giant geckos
  5 orcs
  4 bats
  3 bat skeletons (D:4)
  2 bat zombies (D:4)
  7 giant cockroaches
  10 goblins
  8 hobgoblins
  14 jackals
  5 kobolds
  2 quokkas
  A ball python (D:2)
  4 giant newts
  8 rats
99 creatures vanquished.

Notes
Turn   | Place    | Note
--------------------------------------------------------------
     0 | D:1      | Gianozzolo the Draconian Transmuter began the quest for the Orb.
     0 | D:1      | Reached XP level 1. HP: 16/16 MP: 3/3
   424 | D:1      | Reached XP level 2. HP: 20/23 MP: 5/5
   559 | D:1      | Reached skill level 3 in Transmutations
   954 | D:1      | Reached XP level 3. HP: 24/28 MP: 3/6
  1421 | D:2      | Learned a level 3 spell: Spider Form
  1585 | D:2      | Reached XP level 4. HP: 32/35 MP: 1/7
  1708 | D:2      | Found a sacrificial altar of Ru.
  1952 | D:2      | Reached skill level 4 in Transmutations
  2310 | D:3      | Found a basalt altar of Yredelemnul.
  2320 | D:3      | Reached skill level 1 in Poison Magic
  2328 | D:3      | Found an oddly glowing altar of Pakellas.
  2328 | D:3      | Found a radiant altar of Vehumet.
  2328 | D:3      | Found an opulent altar of Gozag.
  2329 | D:3      | Found a shimmering altar of Xom.
  2671 | D:3      | Reached XP level 5. HP: 31/40 MP: 3/8
  3015 | D:4      | Found a staircase to the Ecumenical Temple.
  3028 | Temple   | Entered the Ecumenical Temple
  3444 | D:4      | Reached skill level 5 in Transmutations
  3557 | D:4      | Found an ancient bone altar of Kikubaaqudgha.
  3567 | D:4      | Reached XP level 6. HP: 38/47 MP: 5/9
  3599 | D:5      | Entered Level 5 of the Dungeon
  3602 | D:5      | Noticed a sky beast
  3638 | D:4      | Killed a sky beast
  3816 | D:4      | Reached skill level 5 in Unarmed Combat
  3816 | D:4      | Reached skill level 6 in Transmutations
  4089 | D:5      | Noticed Prince Ribbit
  4126 | D:5      | Your scales start taking on a golden yellow colour.
  4126 | D:5      | Reached XP level 7. HP: 40/52 MP: 7/10
  4168 | D:5      | Slain by an ice beast

Skill      XL: |  1  2  3  4  5  6 |
---------------+-------------------+-----
Transmutations | 3 4 5 6 |  6.2
Poison Magic   | 1 |  1.0
Unarmed Combat | 4 5 |  5.1
Fighting       | |  1.1
Dodging        | |  1.7
Spellcasting   | |  2.0

Action                   |  1- 3 |  4- 6 |  7- 9 || total
-------------------------+-------+-------+-------++-------
Melee: Unarmed           |   169 |   256 |    13 ||   438
       Kick              |     4 |     1 |       ||     5
       Tailslap          |    14 |    12 |     1 ||    27
       Headbutt          |     8 |     3 |       ||    11
       Punch             |     1 |       |       ||     1
 Cast: Beastly Appendage |    19 |     2 |       ||    21
       Spider Form       |     1 |    19 |       ||    20
 Abil: Spit Acid         |       |       |     1 ||     1
  Use: Scroll            |     2 |     6 |       ||     8
 Stab: Confused          |     2 |       |       ||     2
       Sleeping          |     1 |       |       ||     1
  Eat: Chunk             |     3 |    11 |       ||    14
Armor: Skin              |    46 |    69 |     4 ||   119
Dodge: Dodged            |   107 |   261 |     5 ||   373
